 Dungeon Crawl Stone Soup version 0.20.1-1-g8b1a95d (webtiles) character file.

454 vineage the Slasher (level 6, -3/47 HPs)
             Began as a Demonspawn Fighter on Oct 7, 2017.
             Killed by divine providence
             ... invoked by an orc priest
              (11 damage)
             ... on level 4 of the Dungeon.
             The game lasted 00:04:13 (2564 turns).

vineage the Slasher (Demonspawn Fighter)            Turns: 2564, Time: 00:04:15

Health: -3/47      AC: 12    Str: 16    XL:     6   Next: 76%
Magic:  6/6        EV: 11    Int:  9    God:
Gold:   199        SH: 15    Dex: 20    Spells: 5/5 levels left

rFire    + . .     SeeInvis .   a - +2 long sword
rCold    + . .     Gourm    .   c - +1 shield
rNeg     . . .     Faith    .   b - +0 scale mail
rPois    +         Spirit   .   (no helmet)
rElec    +         Reflect  +   (no cloak)
rCorr    +         Harm     .   t - +0 pair of gloves
MR       .....                  o - +2 pair of boots
Stlth    +.........             p - +5 amulet of reflection
Regen    0.2/turn               (no ring)
MPRegen  0.1/turn               (no ring)

@: agile, resistant, flying
A: icy blue scales 1, powered by pain 2
a: no special abilities


You were on level 4 of the Dungeon.
You were hungry.

You visited 1 branch of the dungeon, and saw 4 of its levels.

You collected 199 gold pieces.

Inventory:

Hand Weapons
 a - a +2 long sword (weapon)
Armour
 b - a +0 scale mail (worn)
 c - a +1 shield (worn)
 o - a +2 pair of boots (worn)
 t - a +0 pair of gloves (worn)
Jewellery
 p - a +5 amulet of reflection (around neck)
 D - an uncursed amulet of harm {unknown}
Wands
 w - a wand of flame (27/48)
 y - a wand of digging (17/24)
 B - a wand of polymorph (1/24)
Scrolls
 d - 2 scrolls of remove curse
 i - a scroll of recharging {unknown}
 l - a scroll of magic mapping {unknown}
 r - 2 scrolls of immolation {unknown}
 v - 3 scrolls of fear {unknown}
 z - a scroll of amnesia
 E - a scroll of identify
Potions
 e - a potion of curing {unknown}
 g - 3 potions of cancellation
 j - a potion of magic {unknown}
 m - a potion of haste {unknown}
 n - a potion of lignification {unknown}
 s - a potion of resistance
 u - a potion of ambrosia {unknown}
 x - a potion of heal wounds {unknown}
 C - a potion of degeneration {unknown}
Books
 A - a book of Callings

   Spells                             Type                      Level
   a - Summon Small Mammal            Summoning                    1
   b - Call Imp                       Summoning                    2
   c - Call Canine Familiar           Summoning                    3
   d - Summon Guardian Golem          Hexes/Summoning              3
   e - Summon Lightning Spire         Summoning/Air                4
   f - Summon Ice Beast               Ice/Summoning                4
Comestibles
 f - 2 bread rations
 h - 2 royal jellies
 q - 2 meat rations


   Skills:
 - Level 3.2 Fighting
 + Level 6.4 Long Blades
 - Level 2.7 Armour
 - Level 2.9 Shields


You had 5 spell levels left.
You didn't know any spells.

Dungeon Overview and Level Annotations

Branches:
Dungeon (4/15)
 Temple: D:4-7

Altars:


Innate Abilities, Weirdness & Mutations

You are partially covered in icy blue scales. (AC +2)
You sometimes gain power by taking damage.


Message History

You kill the orc!
The orc priest calls down the wrath of Beogh upon you.
Beogh smites you!
You closely miss the orc. The orc barely misses you.
The orc priest calls down the wrath of Beogh upon you.
Beogh smites you!
* * * LOW HITPOINT WARNING * * *
You block the orc's attack.
Your shield and scale mail prevent you from hitting the orc.
The orc hits you but does no damage.
Unknown command.
You feel protected. The orc hits you with a dagger.
* * * LOW HITPOINT WARNING * * *
It was a potion of flight.
You feel very buoyant.
You fly up into the air.
The orc priest invokes the aid of Beogh against you.
Beogh smites you!
You die... ....|.#..... #... .....##....( #o.. ......#.....# #oo

..##..#.....# .o.
......#### #.#
.##..<##### #o#
.##.......# #.#
......###.########.#
###.....#.##....@oo#
###.#......#######
#.###.#### #.###.#
#.....# #######


You could see an orc priest and an orc.

Vanquished Creatures
  Sigmund (D:3)
  A centaur (D:3)
  The ghost of vineage the Cudgeler, an amateur GrFi (D:3)
  An orc priest (D:4)
  Ijyb (D:4)
  A hound zombie (D:3)
  8 adders
  3 oozes
  A worm (D:2)
  2 dart slugs
  A leopard gecko (D:3)
  7 orcs
  2 giant cockroaches (D:2)
  5 goblins
  10 hobgoblins
  8 kobolds
  2 quokkas
  A ball python (D:1)
  10 bats
  9 frilled lizards
  15 rats
90 creatures vanquished.

Notes
Turn   | Place    | Note
-------+----------+-------------------------------------------
     0 | D:1      | vineage the Demonspawn Fighter began the quest for the Orb.
     0 | D:1      | Reached XP level 1. HP: 18/18 MP: 1/1
    11 | D:1      | Reached skill level 2 in Long Blades
    21 | D:1      | Gained mutation: You sometimes gain a little power by taking damage. [demonic ancestry]
    21 | D:1      | Reached XP level 2. HP: 24/24 MP: 2/2
   328 | D:1      | Gained mutation: You sometimes gain power by taking damage. [demonic ancestry]
   328 | D:1      | Reached XP level 3. HP: 29/29 MP: 3/3
   462 | D:2      | Reached skill level 3 in Long Blades
   763 | D:2      | Gained mutation: You are partially covered in icy blue scales. (AC +2) [demonic ancestry]
   763 | D:2      | Reached XP level 4. HP: 15/35 MP: 4/4
  1285 | D:2      | Reached skill level 4 in Long Blades
  1599 | D:3      | Noticed a centaur
  1605 | D:3      | Killed a centaur
  1605 | D:3      | Reached XP level 5. HP: 32/41 MP: 5/5
  1688 | D:3      | Reached skill level 5 in Long Blades
  1809 | D:3      | Noticed Sigmund
  1821 | D:3      | Killed Sigmund
  1821 | D:3      | Reached XP level 6. HP: 26/47 MP: 6/6
  1986 | D:3      | Noticed vineage's ghost (amateur GrFi)
  2002 | D:3      | Killed vineage's ghost
  2002 | D:3      | Reached skill level 6 in Long Blades
  2453 | D:4      | Noticed Ijyb
  2499 | D:4      | Killed Ijyb
  2564 | D:4      | Killed from afar by an orc priest

Skill      XL: |  1  2  3  4  5  6 |
---------------+-------------------+-----
Long Blades    | 2 3 4 5 6 |  6.4
Fighting       | |  3.2
Armour         | |  2.7
Shields        | |  2.9

Action                   |  1- 3 |  4- 6 || total
-------------------------+-------+-------++-------
Melee: Long sword        |   116 |   154 ||   270
       Unarmed           |       |    38 ||    38
  Use: Scroll            |       |     9 ||     9
       Potion            |       |     3 ||     3
  Eat: Chunk             |       |     5 ||     5
Armor: Scale mail        |    63 |    67 ||   130
Dodge: Dodged            |    37 |    37 ||    74
Block: Shield            |    67 |   132 ||   199
       Reflection        |       |     3 ||     3
       Other             |       |     5 ||     5
       Rpst.: Long sword |    13 |     6 ||    19
